 Dungeon Crawl Stone Soup version 0.31.0-11-ge490571c62 (webtiles) character file.

Game seed: 970266893268566036

721 qw the Skirmisher (level 7, -5/40 HPs)
             Began as a Deep Elf Hunter on Feb 4, 2024.
             Was a Follower of Okawaru.
             Slain by a gnoll
             ... wielding a +0 halberd
              (8 damage)
             ... on level 5 of the Dungeon.
             The game lasted 00:00:17 (4020 turns).

qw the Skirmisher (Deep Elf Hunter)                 Turns: 4020, Time: 00:00:18

Health: -5/40      AC:  8    Str:  7 (10) XL:     7   Next: 42%
Magic:  11/11      EV: 10    Int: 13 (14) God:    Okawaru [*.....]
Gold:   254        SH:  0    Dex: 16 (18) Spells: 6/6 levels left

rFire   + . .        a - +0 shortbow
rCold   . . .        (shield currently unavailable)
rNeg    . . .        g - +0 ring mail
rPois   .            l - +0 helmet
rElec   .            (no cloak)
rCorr   .            c - +1 pair of gloves
SInv    .            (no boots)
Will    +....        (no amulet)
Stlth   +            k - ring of willpower
HPRegen 0.26/turn    h - ring of protection from fire
MPRegen 0.12/turn

%: no passive effects
@: no status effects
A: no striking features
a: Renounce Religion, Heroism


You were on level 5 of the Dungeon.
You worshipped Okawaru.
Okawaru was aware of your devotion.
You visited 1 branch of the dungeon, and saw 5 of its levels.

You collected 254 gold pieces.


   Skills:
 - Level 2.0 Fighting
 + Level 10.4 Ranged Weapons
 - Level 1.1 Armour
 - Level 3.1 Dodging
 - Level 1.2 Stealth
 + Level 3.5 Invocations


You had 6 spell levels left.
You didn't know any spells.
Your spell library was empty.

Inventory:

Hand Weapons
 a - a +0 shortbow (weapon)
Armour
 c - a +1 pair of gloves (worn)
 g - a +0 ring mail (worn)
 l - a +0 helmet (worn)
Jewellery
 h - a ring of protection from fire (right hand)
 k - a ring of willpower (left hand)
Wands
 e - a wand of roots (10)
Potions
 b - a potion of magic
 d - a potion of mutation
 f - a potion of might {unknown}
 i - 2 potions of curing

Dungeon Overview and Level Annotations

Branches:
Dungeon (5/15)
 Temple: D:4-7

Altars:
Fedhas
Okawaru
Qazlal

Shops:
D:1 *

Annotations:
D:3 1 runed translucent door, Crazy Yiuf


Message History

A gnoll comes into view. It is wielding a +0 halberd.
A gnoll comes into view. It is wielding a +0 whip.
You shoot an arrow. The arrow hits the gnoll!
The gnoll is heavily wounded.
You shoot an arrow. The arrow hits the gnoll.
The gnoll is severely wounded.
You shoot an arrow. The arrow hits the gnoll.
You kill the gnoll!
Okawaru accepts your kill.
You shoot an arrow. The arrow barely misses the gnoll.
You shoot an arrow. The arrow barely misses the gnoll.
You shoot an arrow. The arrow hits the gnoll.
The gnoll is moderately wounded.
The gnoll hits you but does no damage.
A jelly comes into view.
You shoot an arrow. The jelly quivers.
The arrow hits the gnoll.
The gnoll is severely wounded.
The gnoll hits you from afar with a +0 halberd.
The gnoll hits you but does no damage.
You shoot an arrow. The arrow closely misses the gnoll.
The arrow hits the jelly.
The jelly is lightly wounded.
The gnoll hits you from afar with a +0 halberd.
The gnoll hits you with a +0 whip. x2; The gnoll barely misses you.
You shoot an arrow. The arrow hits the gnoll.
You kill the gnoll!
Okawaru accepts your kill. The gnoll closely misses you.
You shoot an arrow. The arrow completely misses the gnoll.
The gnoll hits you from afar with a +0 halberd!
You shoot an arrow. The arrow hits the jelly.
The jelly is moderately wounded.
The gnoll hits you from afar with a +0 halberd!
You shoot an arrow. The arrow hits the jelly.
The jelly is heavily wounded.
The jelly hits you.
You are splashed with acid!
The gnoll hits you from afar with a +0 halberd!
You die...

#....##.##
####.....###
#....###...##
...### ##...##
...# ###..##
..## ##..###
..# ##...##
.## ###%.## .#
##@.# ##
#.J...¤~.¤ #
#g....¤¤¤~ #
.......~.~
).......~.~
.........~.~
..........¤¤¤
...........¤~¤


You could see a jelly and a gnoll.

Vanquished Creatures
  Grinder (D:3)
  2 elf skeletons (D:4)
  2 hounds (D:4)
  A human zombie (D:4)
  Terence (D:3)
  3 iguanas
  An orc wizard (D:3)
  A human skeleton (D:4)
  2 gnolls (D:5)
  4 adders
  An adder zombie (D:2)
  2 ribbon worms (D:2)
  3 dart slugs
  8 orcs
  A bat zombie (D:2)
  10 endoplasms
  4 giant cockroaches
  3 goblins
  9 hobgoblins
  4 jackals
  6 ball pythons
  A ball python skeleton (D:2)
  8 bats
  2 frilled lizards (D:3)
  5 kobolds
  An orc skeleton (D:4)
  An orc zombie (D:4)
  7 rats
94 creatures vanquished.

Notes
Turn   | Place    | Note
-------+----------+-------------------------------------------
     0 | D:1      | qw the Deep Elf Hunter began the quest for the Orb.
     0 | D:1      | Reached XP level 1. HP: 12/12 MP: 3/3
     0 | D:1      | 0 ||| qw: Version: 0.3-a-160-g6735b56
     0 | D:1      | 0 ||| qw: Game counter: 4727
     0 | D:1      | 0 ||| qw: Melee chars always use a shield: true
     0 | D:1      | 0 ||| qw: God list: Okawaru
     0 | D:1      | 0 ||| qw: Allow faded altars: false
     0 | D:1      | 0 ||| qw: Do Orc after clearing Dungeon:15 true
     0 | D:1      | 0 ||| qw: Do second Lair branch before Depths: true
     0 | D:1      | 0 ||| qw: Lair rune preference: random
     0 | D:1      | 0 ||| qw: Goals: Normal
     0 | D:1      | 0 ||| PLANNING D:1-11
   134 | D:1      | Reached XP level 2. HP: 15/16 MP: 4/4
   147 | D:1      | Found Foradil's Assorted Antiques.
   174 | D:1      | Reached skill level 6 in Ranged Weapons
   174 | D:1      | 174 ||| SHOPLISTING 2 metallic ruby potions (41 gold, have
                  | 18).
   174 | D:1      | 174 ||| SHOPLISTING blue potion (20 gold, have 18).
   174 | D:1      | 174 ||| SHOPLISTING green potion (20 gold, have 18).
   174 | D:1      | 174 ||| SHOPLISTING scroll labelled HALA KOBIBBEZ (23 gold,
                  | have 18).
   575 | D:1      | Reached XP level 3. HP: 20/20 MP: 5/5
   655 | D:1      | 655 ||| UPGRADING to +0 ring mail.
   665 | D:1      | 665 ||| DROPPING +0 leather armour.
   666 | D:1      | 666 ||| READING scroll labelled HUOLOPL OCUJIZ.
   666 | D:1      | 666 ||| IDENTIFYING fuming purple potion
   667 | D:1      | 667 ||| READING scroll labelled HALA KOBIBBEZ.
   668 | D:1      | 668 ||| READING scroll labelled AMYCLUB RERPHUR.
   669 | D:1      | 669 ||| DRINKING 2 green potions.
   670 | D:1      | 670 ||| DROPPING scroll of butterflies.
   672 | D:1      | 672 ||| Stepping ~*~*~tactically~*~*~ (cloud).
   677 | D:1      | HP: 5/20 [poisoned by you (poison gas)]
   681 | D:1      | HP: 2/20 [poisoned by you (poison gas)]
   889 | D:2      | Reached skill level 7 in Ranged Weapons
  1239 | D:2      | 1239 ||| UPGRADING to +0 pair of gloves.
  1244 | D:2      | 1244 ||| READING scroll of identify.
  1244 | D:2      | 1244 ||| IDENTIFYING white potion
  1245 | D:2      | 1245 ||| READING 2 scrolls labelled FOPUMME PAIXT.
  1246 | D:2      | 1246 ||| READING scroll labelled JENIRIOTUU.
  1247 | D:2      | 1247 ||| DROPPING scroll of revelation.
  1371 | D:3      | Reached XP level 4. HP: 25/25 MP: 6/6
  1371 | D:3      | Noticed Terence
  1387 | D:3      | Killed Terence
  1478 | D:3      | Reached skill level 8 in Ranged Weapons
  1561 | D:3      | Found an iron altar of Okawaru.
  1562 | D:3      | 1562 ||| PLANNING OKAWARU WORSHIP
  1571 | D:3      | Became a worshipper of Warmaster Okawaru
  1572 | D:3      | 1572 ||| PLANNING D:1-11
  2007 | D:3      | Reached XP level 5. HP: 25/29 MP: 7/7
  2149 | D:3      | Found a runed translucent door.
  2150 | D:3      | Noticed Crazy Yiuf
  2174 | D:3      | Noticed Grinder
  2184 | D:3      | Paralysed by Grinder for 4 turns
  2199 | D:3      | HP: 6/29 [Grinder (2)]
  2200 | D:3      | 2200 ||| DRINKING potion of heal wounds.
  2205 | D:3      | Killed Grinder
  2205 | D:3      | Reached * piety under Okawaru
  2206 | D:3      | Reached skill level 10 in Ranged Weapons
  2206 | D:3      | Reached XP level 6. HP: 17/34 MP: 8/8
  2730 | D:3      | 2730 ||| UPGRADING to +0 helmet.
  2735 | D:3      | 2735 ||| UPGRADING to ring of willpower.
  2736 | D:3      | 2736 ||| READING 2 scrolls of identify.
  2736 | D:3      | 2736 ||| IDENTIFYING dark potion
  2737 | D:3      | 2737 ||| READING scroll of identify.
  2737 | D:3      | 2737 ||| IDENTIFYING fuming inky potion
  2738 | D:3      | 2738 ||| READING scroll labelled YROIRPHU LIVU.
  2799 | D:3      | 2799 ||| DROPPING potion of attraction.
  2837 | D:4      | 2837 ||| PLANNING OSSUARY
  2897 | D:4      | Found a blossoming altar of Fedhas.
  2911 | D:4      | Reached skill level 1 in Invocations
  3329 | D:4      | Found a stormy altar of Qazlal.
  3400 | D:4      | Reached skill level 1 in Armour
  3400 | D:4      | Reached XP level 7. HP: 40/40 MP: 10/10
  3468 | D:4      | 3468 ||| RIP OSSUARY
  3493 | D:4      | 3493 ||| PLANNING D:1-11
  3746 | D:4      | Reached skill level 3 in Dodging
  3787 | D:4      | Reached skill level 3 in Invocations
  3860 | D:4      | 3860 ||| UPGRADING to ring of protection from fire.
  3861 | D:4      | 3861 ||| READING scroll labelled PAPNIS UWNADD.
  3861 | D:4      | 3861 ||| ENCHANTING +0 pair of gloves.
  3862 | D:4      | 3862 ||| DRINKING 2 metallic ruby potions.
  3863 | D:4      | 3863 ||| DROPPING potion of degeneration.
  3887 | D:5      | Entered Level 5 of the Dungeon
  4020 | D:5      | HP: 3/40 [acid (10)]
  4020 | D:5      | Slain by a gnoll

Levels and vault maps discovered:
D:1:      dpeg_arrival_stonehenge_8_columns, layout_basic, serial_shops,
          nicolae_shop_peninsula
D:2:      layout_rooms, serial_undead, serial_undead_d, serial_undead_f,
          serial_undead_b, serial_undead_b, hangedman_decor_clover_reticule,
          hangedman_feature_mirror, minmay_misc_feat_hallway
D:3:      layout_basic, mainiacjoe_overflow_small_starburst,
          grunt_ministairs_12, uniq_crazy_yiuf_cottage, uniq_terence,
          uniq_grinder
D:4:      layout_loops_ring, grunt_temple_overflow_forces_of_nature,
          nicolae_ossuary_entry_catacombs
D:5:      layout_cave_pods, mainiacjoe_overflow_catwalk_spiral,
          minmay_temple_entry_mist

Skill      XL: |  1  2  3  4  5  6  7 |
---------------+----------------------+-----
Ranged Weapons | 6 7 8 10 | 10.4
Invocations    | 2 3 |  3.5
Fighting       | 2 |  2.0
Armour         | 1 |  1.1
Dodging        | 3 |  3.1
Stealth        | |  1.2

Action                     |  1- 3 |  4- 6 |  7- 9 || total
---------------------------+-------+-------+-------++-------
   Fire: Shortbow          |   143 |   186 |    97 ||   426
    Use: Scroll            |     6 |     3 |     1 ||    10
         Potion            |     1 |     1 |     1 ||     3
 Armour: Leather armour    |    10 |       |       ||    10
         Ring mail         |    16 |    67 |    42 ||   125
  Dodge: Dodged            |    30 |    47 |    26 ||   103

Table legend:
 A = Non-vault XP
 B = Vault XP
 C = Vault XP percentage of total XP
 D = Non-vault monster count
 E = Vault monster count
 F = Vault count percentage of total count
                 A         B        C        D         E       F
            +---------+---------+-------+---------+---------+-------
      Total |     405 |     625 |  60.7 |      77 |      17 |  18.1
            +---------+---------+-------+---------+---------+-------
        D:1 |      42 |       0 |   0.0 |      25 |       0 |   0.0
        D:2 |      44 |       8 |  15.4 |      16 |       3 |  15.8
        D:3 |      67 |     365 |  84.5 |      17 |       8 |  32.0
        D:4 |     210 |     252 |  54.5 |      16 |       6 |  27.3
        D:5 |      42 |       0 |   0.0 |       3 |       0 |   0.0
            +---------+---------+-------+---------+---------+-------
